[Event "*** Titled Tuesday Blitz"]
[Site "Chess.com"]
[Date "2018.09.04"]
[Round "8"]
[White "Eagle_pada"]
[Black "VerdeNotte"]
[Result "1-0"]
[WhiteElo "2707"]
[BlackElo "2815"]
[TimeControl "180+2"]
[EndTime "15:24:16 PDT"]
[Termination "Eagle_pada won by checkmate"]

1. d4 Nf6 2. c4 g6 3. Nc3 Bg7 4. e4 d6 5. Nf3 O-O 6. Be2 Nbd7 7.
O-O e5 8. dxe5 dxe5 9. Be3 c6 10. Qc2 Qe7 11. Rfd1 Ng4 12. Bg5 Qc5 13. Bh4 Ndf6 14.
h3 Nh6 15. Qd2 Qe7 16. Bg5 Nf5 17. exf5 Bxf5 18. Qe3 Rfe8 19. g4 Be6 20. Ne4 h6 21.
Nxf6+ Bxf6 22. Bxh6 e4 23. Ng5 Bxb2 24. Rab1 Be5 25. Nxe4 Qh4 26. Bg5 Qh8 27. Rxb7 a5 28. Qf3 f5 29. gxf5 gxf5 30. Nf6+ Bxf6 31. Qg3 Kf8 32.
Be3 Be7 33. Qg6 f4 34. Bd4 Qg8 35. Qxg8+ Kxg8 36. Bh5 Bf7 37. Bxf7+ Kxf7 38. Re1 Rab8 39. Rexe7+ Rxe7 40. Rxb8 Re4 41. Bb6 a4 42. Ra8 Rxc4 43. Kg2 Ke6 44. h4 Kf5 45. Ra5+ Kg4 46. f3+ Kxh4 47.
Bf2# 1-0

[Event "*** Titled Tuesday Blitz"]
[Site "Chess.com"]
[Date "2018.09.04"]
[Round "8"]
[White "Saitama_Hero"]
[Black "ShadyH9"]
[Result "1-0"]
[WhiteElo "2200"]
[BlackElo "2171"]
[TimeControl "180+2"]
[EndTime "15:24:17 PDT"]
[Termination "Saitama_Hero won on time"]

1. d4 Nf6 2. Nf3 g6 3. g3 Bg7 4. Bg2 O-O 5. O-O d6 6. b3 a5 7. Bb2 a4 8. c4 Nc6 9. bxa4 e5 10. dxe5 Ng4 11. Nbd2 Ncxe5 12. Nxe5 Nxe5 13. Qc2 Qd7 14. f4 Ng4 15. Bxg7 Kxg7 16. Qc3+ f6 17. h3 Nh6 18. e4 Qxa4 19. e5 Qa5 20. exf6+ Rxf6 21. Qb2 Qb6+ 22.
Qxb6 cxb6 23. g4 Nf7 24. Ne4 Re6 25. Nc3 Ra6 26. Nd5 Re2 27. Rf2 Rxf2 28. Kxf2 Nd8 29. g5 Be6 30. Nf6 Bxc4 31. Ne8+ Kf8 32. Nxd6 Rxa2+ 33.
Rxa2 Bxa2 34. Ke3 Ke7 35. Nc8+ Kd7 36. Nxb6+ Kd6 37. Na4 b5 38. Nc3 Bc4 39. Ne4+ Ke6 40. Nf6 1-0

[Event "*** Titled Tuesday Blitz"]
[Site "Chess.com"]
[Date "2018.09.04"]
[Round "8"]
[White "sergiochess83"]
[Black "MrVezunchik"]
[Result "1-0"]
[WhiteElo "2759"]
[BlackElo "2826"]
[TimeControl "180+2"]
[EndTime "15:24:18 PDT"]
[Termination "sergiochess83 won on time"]

1. e4 d5 2. exd5 Qxd5 3. Nc3 Qd6 4. d4 Nf6 5. Nf3 g6 6. Nb5 Qd8 7. c4 a6 8. Nc3 Bg7 9. Be2 O-O 10. O-O e6 11. Bf4 Nc6 12. Qd2 Re8 13. Rad1 Ne7 14. h3 Nf5 15. Rfe1 b6 16. g4 Ne7 17. Bh6 Bb7 18. Qf4 b5 19. Bxg7 Kxg7 20. Ne5 Rf8 21. d5 exd5 22. g5 Nfg8 23. cxd5 f6 24. Ng4 Qd6 25.
Qd2 Qb6 26. Bf3 fxg5 27. Re6 Qa7 28. Qe2 Rxf3 29. Qxf3 Nf5 30. Qe4 h5 31. Qe5+ Kf7 32. Qxc7+ Kf8 33. Ne5 Nge7 34. d6 1-0

[Event "*** Titled Tuesday Blitz"]
[Site "Chess.com"]
[Date "2018.09.04"]
[Round "8"]
[White "GMKrikor"]
[Black "tteshan"]
[Result "1-0"]
[WhiteElo "2756"]
[BlackElo "2078"]
[TimeControl "180+2"]
[EndTime "15:24:18 PDT"]
[Termination "GMKrikor won by resignation"]

1. e4 c5 2. Nf3 Nc6 3. Bb5 e6 4. O-O Nge7 5. d4 cxd4 6. Nxd4 a6 7. Be2 d6 8. Nb3 b5 9. a4 b4 10. a5 Bb7 11. N1d2 Ng6 12. Nc4 Be7 13. Be3 O-O 14.
f4 Qb8 15. Nb6 Rd8 16. Nxa8 Qxa8 17. Bb6 Rc8 18. Bd3 Nb8 19. Qe2 Nd7 20. Kh1 Nf6 21. Rae1 e5 22. fxe5 dxe5 23. Nd2 Nf4 24. Qe3 Nxd3 25.
cxd3 Bc6 26. Nc4 Qb8 27. b3 Be8 28. Qg3 Nd7 29. Be3 f6 30. d4 exd4 31. Qxb8 Nxb8 32. Bxd4 Bf7 33. Rc1 Nd7 34. Nb6 Nxb6 35. axb6 Rb8 36. Rf3 Kf8 37. Rc7 Bd6 38. Rd7 Rc8 39. Rxd6 1-0

[Event "*** Titled Tuesday Blitz"]
[Site "Chess.com"]
[Date "2018.09.04"]
[Round "8"]
[White "nitpicker"]
[Black "Manukyan_Artak"]
[Result "1/2-1/2"]
[WhiteElo "2186"]
[BlackElo "2308"]
[TimeControl "180+2"]
[EndTime "15:24:22 PDT"]
[Termination "Game drawn by repetition"]

1. d4 d5 2. c4 dxc4 3. e4 Nf6 4. e5 Nd5 5. Bxc4 Nc6 6. Ne2 Bf5 7. a3 e6 8. Nbc3 Nxc3 9. bxc3 a6 10. O-O Be7 11.
Be3 b5 12. Bd3 Bxd3 13. Qxd3 Na5 14. a4 c6 15. Nf4 O-O 16. axb5 axb5 17. Qe4 Bg5 18. Nh5 Be7 19. Qg4 g6 20. Nf6+ Bxf6 21. exf6 Qxf6 22. Bh6 Rfc8 23. Qe4 g5 24. Bxg5 Qxg5 25.
f4 Qd5 26. Qe2 Nc4 27. Rac1 Nd6 28. Qg4+ Kf8 29. Qh4 Ra2 30. Rf3 Nf5 31. Qxh7 Ke7 32. Re1 c5 33. h3 cxd4 34. Re5 Qxe5 35. fxe5 dxc3 36. Rxf5 exf5 37. Qxf5 Raa8 38. Qf6+ Ke8 39. e6 fxe6 40. Qxe6+ Kd8 41. Qd6+ Ke8 42. Qe6+ Kf8 43. Qf6+ Kg8 44. Qg6+ Kf8 45. Qf6+ Ke8 46. Qe6+ 1/2-1/2

[Event "*** Titled Tuesday Blitz"]
[Site "Chess.com"]
[Date "2018.09.04"]
[Round "8"]
[White "Thjop"]
[Black "VladDobrov"]
[Result "0-1"]
[WhiteElo "2537"]
[BlackElo "2699"]
[TimeControl "180+2"]
[EndTime "15:24:24 PDT"]
[Termination "VladDobrov won by resignation"]

1. e4 c5 2. Nf3 d6 3. d4 cxd4 4. Nxd4 Nf6 5. Nc3 a6 6. g3 e5 7. Nde2 Be6 8. Bg2 Qc8 9. Bg5 Nbd7 10. O-O Be7 11. a4 h6 12. Bc1 O-O 13. b3 Qc7 14. Kh1 Rac8 15. f4 Bg4 16. Bb2 exf4 17. gxf4 Rfe8 18. h3 Bh5 19. Qd2 Bf8 20. Ng3 Bg6 21.
Rf2 Qc5 22. Raf1 b5 23. axb5 axb5 24. f5 Bh7 25. Rd1 Qe5 26. Qe3 d5 27. Na4 Qb8 28. e5 bxa4 29. e6 fxe6 30. fxe6 axb3 31. cxb3 Bc5 32. exd7 Bxe3 33. dxc8=Q Rxc8 34. Rxf6 gxf6 35. Bxd5+ Kf8 36. Nh5 Rc2 37. Ba3+ Bc5 38. Rd2 Rxd2 39. Bxc5+ Ke8 40. Nxf6+ Kd8 41. Ng4 Rxd5 0-1

[Event "*** Titled Tuesday Blitz"]
[Site "Chess.com"]
[Date "2018.09.04"]
[Round "8"]
[White "LuisFSiles"]
[Black "HanSchut"]
[Result "1/2-1/2"]
[WhiteElo "2187"]
[BlackElo "2212"]
[TimeControl "180+2"]
[EndTime "15:24:24 PDT"]
[Termination "Game drawn by agreement"]

1. e4 c5 2. Nf3 d6 3. d4 cxd4 4. Nxd4 Nf6 5. Nc3 a6 6. Be3 e5 7. Nf3 h6 8. Bc4 Be7 9. O-O O-O 10. a4 Be6 11. Bxe6 fxe6 12. Qe2 Nbd7 13. Rfd1 Rc8 14. Rd2 Rxc3 15. bxc3 Nxe4 16. Bxh6 Nxc3 17. Qd3 e4 18. Qxc3 Bf6 19. Qa3 exf3 20. Rad1 d5 21. Be3 Ne5 22. Bd4 Nc4 23. Qc3 Nxd2 24. Rxd2 fxg2 25. Qe3 Bxd4 26. Qxe6+ Kh8 27. Rxd4 Qf6 28. Qxf6 Rxf6 29. Rxd5 Rc6 30.
Rd7 b5 31. axb5 axb5 32. Rb7 Rxc2 33. Rxb5 Kh7 34. Kxg2 Rc4 35. Kg3 Rc1 36. Kg2 Rc4 37. h3 Rc2 38. Kg3 Rc1 39. Rb4 Rg1+ 40. Kf3 Rh1 41. h4 Rg1 42. Kf4 Rg2 43. f3 Rh2 44.
Kg3 Rh1 45. Rb5 Rg1+ 46. Kf2 Rh1 47. Kg2 Rxh4 48. Kg3 Rh6 1/2-1/2

[Event "*** Titled Tuesday Blitz"]
[Site "Chess.com"]
[Date "2018.09.04"]
[Round "8"]
[White "Kurai"]
[Black "volcanoexplorer"]
[Result "1-0"]
[WhiteElo "2444"]
[BlackElo "2315"]
[TimeControl "180+2"]
[EndTime "15:24:39 PDT"]
[Termination "Kurai won by checkmate"]

1. e4 e5 2. Nf3 Nc6 3. Bb5 a6 4. Ba4 Nf6 5. O-O Be7 6. Re1 b5 7. Bb3 O-O 8. a3 d5 9. exd5 Nxd5 10. Nxe5 Nxe5 11. Rxe5 c6 12. Nc3 Bd6 13. Re1 Nf6 14.
h3 c5 15. d3 Bb7 16. Bg5 h6 17.
Bh4 g5 18. Bg3 Bxg3 19. fxg3 Qd4+ 20. Kh2 Rae8 21. Rxe8 Rxe8 22. Qf1 Re7 23. Re1 Rxe1 24. Qxe1 c4 25. dxc4 bxc4 26. Ba4 g4 27. h4 Be4 28.
Qe2 Bf5 29. Bc6 Kg7 30. Bb7 Nh5 31. Be4 Be6 32. Bb7 Bf5 33. Bd5 Qb6 34. Qe5+ Qf6 35. Qxf6+ Nxf6 36. Bxc4 Nd7 37. Bxa6 Bxc2 38. Kg1 Nc5 39.
Be2 Nb3 40. Bxg4 Bd3 41. Bd1 Na5 42. b4 Nc4 43. a4 Nb2 44. Kf2 Bc4 45. Be2 Bb3 46.
a5 Bc4 47. b5 Bxe2 48. Kxe2 Nc4 49. a6 Nb6 50. Ke3 Kf8 51. Kd4 Ke7 52. Nd5+ Nxd5 53. Kxd5 Kd7 54. b6 Kc8 55. Kc6 Kb8 56. g4 f5 57. g5 h5 58. g6 f4 59. g7 Kc8 60.
g8=R# 1-0

[Event "*** Titled Tuesday Blitz"]
[Site "Chess.com"]
[Date "2018.09.04"]
[Round "8"]
[White "TheRigos"]
[Black "Caisachess"]
[Result "0-1"]
[WhiteElo "2400"]
[BlackElo "2233"]
[TimeControl "180+2"]
[EndTime "15:24:50 PDT"]
[Termination "Caisachess won on time"]

1. e4 e5 2. f4 d5 3. exd5 exf4 4. Nf3 Nf6 5. Bb5+ c6 6. dxc6 bxc6 7. Bc4 Bd6 8. d4 O-O 9. O-O Bg4 10. Be2 c5 11. c3 cxd4 12. Nxd4 Bxe2 13. Qxe2 Re8 14. Qf3 Ne4 15.
Bxf4 Bc5 16. Be3 Qd7 17. Kh1 Na6 18. Nf5 Bxe3 19. Nxe3 Nac5 20. Rd1 Qb5 21. Na3 Qxb2 22. Nac4 Qxc3 23. Nd6 Nxd6 24. Qc6 Qxe3 25. Qxd6 h6 26. Rf1 Ne4 27. Qf4 Qxf4 28. Rxf4 Rac8 29. h3 g6 30. Rd1 Rc2 31. Rd7 Rf2 32. Rxf2 Nxf2+ 33. Kg1 Re2 34.
Rxa7 Nd3 35. a4 Nf4 36. Rc7 Rxg2+ 37. Kf1 Ra2 38. Rc4 Nxh3 39. Ke1 Ng5 40. Kf1 h5 41.
Kg1 Kg7 42. Kf1 Ne6 43. Kg1 g5 44. Kh1 Kg6 45. Rb4 h4 46. Kg1 g4 47. Rxg4+ Kh5 48.
Re4 Ng5 49. Rc4 Nf3+ 50. Kf1 h3 51. a5 h2 52. Rc5+ Kg4 53. Rg5+ Kxg5 0-1

[Event "*** Titled Tuesday Blitz"]
[Site "Chess.com"]
[Date "2018.09.04"]
[Round "8"]
[White "GadimbayliA"]
[Black "Kriari"]
[Result "1-0"]
[WhiteElo "2691"]
[BlackElo "2806"]
[TimeControl "180+2"]
[EndTime "15:25:00 PDT"]
[Termination "GadimbayliA won by checkmate"]

1. e4 e5 2. Nf3 Nc6 3. Bb5 Nf6 4. O-O Nxe4 5. Re1 Nd6 6. Nxe5 Be7 7. Bf1 O-O 8. d4 Nf5 9. c3 Nxe5 10. dxe5 d5 11. exd6 Bxd6 12. Nd2 Qh4 13. g3 Qd8 14. Bg2 Re8 15.
Rxe8+ Qxe8 16. Nc4 Bc5 17. b4 Be6 18. Na5 Rd8 19. Qe1 Bb6 20. Nxb7 Rb8 21. Bf4 h6 22. Qe2 Qa4 23. h4 Qa3 24. Qc2 Re8 25. Re1 g6 26.
Re2 Qa6 27. a4 Qc4 28. a5 g5 29.
hxg5 hxg5 30. Be5 Bd5 31. Bxd5 Qxd5 32. Qxf5 Qd1+ 33. Kg2 Qd5+ 34. f3 Be3 35. Qe4 Qxe5 36. Rxe3 Qxe4 37. Rxe4 Rb8 38. Nc5 Kg7 39. Re7 Kg6 40.
Rxc7 Rd8 41. Rc6+ Kh5 42. Ne4 f5 43. Nf6+ Kg6 44. Nd5+ Kh5 45. c4 a6 46. Rxa6 g4 47. fxg4+ fxg4 48. Nf4+ Kg5 49. Ne6+ Kf5 50. Nxd8 Kg5 51.
b5 Kh5 52. b6 Kg5 53. b7 Kh5 54. b8=Q Kg5 55. Qe5# 1-0

[Event "*** Titled Tuesday Blitz"]
[Site "Chess.com"]
[Date "2018.09.04"]
[Round "8"]
[White "Marcus_Harvey"]
[Black "Faqade"]
[Result "0-1"]
[WhiteElo "2679"]
[BlackElo "2502"]
[TimeControl "180+2"]
[EndTime "15:25:03 PDT"]
[Termination "Faqade won by resignation"]

1. Nf3 Nf6 2. b3 g6 3. Bb2 Bg7 4. e3 O-O 5. Be2 d6 6. O-O e5 7.
d4 e4 8. Nfd2 d5 9. c4 c6 10.
Nc3 h5 11. cxd5 cxd5 12. Ba3 Re8 13. Nb5 Re6 14. Rc1 Nc6 15. h3 Nh7 16. Re1 Ng5 17. Nf1 Rf6 18. Nh2 a6 19. Nc3 Bxh3 20. Nxd5 Be6 21. Nf4 Nxd4 22. Bb2 Nxe2+ 23. Qxe2 Rf5 24. Red1 Qe7 25. Bxg7 Kxg7 26. Qb2+ Kh7 27. Qd4 Ra5 28. a4 Bxb3 29. Rd2 Rxa4 30. Qb6 Qb4 31. Rd6 a5 32. Rxg6 Qxb6 33. Rxb6 Rb4 34. Rxb4 axb4 35. Nxh5 b5 36.
Nf1 Bc4 37. Nd2 b3 38. Kh2 Rd8 39. Nxc4 Rc8 40. Nf6+ Kg7 41. Ne8+ Rxe8 42. Nd6 Rd8 43. Nf5+ Kf6 44. Nd4 Ne6 45. Nxb5 Rd2 46. Kg3 b2 47. Rb1 Nc5 48. Nc3 Ke5 49. Nd1 Nd3 50. f4+ exf3 51. gxf3 Rxd1 52. Rxd1 Nc1 53. f4+ Ke6 54. f5+ Ke5 55.
Rd7 b1=Q 56. Rxf7 Ne2+ 0-1

[Event "*** Titled Tuesday Blitz"]
[Site "Chess.com"]
[Date "2018.09.04"]
[Round "8"]
[White "farzadbfd"]
[Black "Der_Honigdachs"]
[Result "1-0"]
[WhiteElo "2533"]
[BlackElo "2345"]
[TimeControl "180+2"]
[EndTime "15:25:03 PDT"]
[Termination "farzadbfd won by resignation"]

1. e4 c5 2. Nf3 a6 3. d4 cxd4 4. Nxd4 Nf6 5. Bd3 e5 6. Nb3 d5 7. exd5 Qxd5 8. O-O Bg4 9. f3 Bh5 10. Nc3 Qd7 11. Re1 Nc6 12. Be3 Bb4 13. Nc5 Qe7 14. N5e4 O-O-O 15. Qe2 Nd4 16. Qf2 Nxe4 17. Bxe4 f5 18.
Bd3 Qf6 19. a3 Bc5 20. Na4 Ba7 21. f4 exf4 22. Qxf4 g5 23. Qg3 Bg6 24. Kh1 f4 25. Qg4+ Kb8 26. Bxd4 Qxd4 27. Nc3 Bxd3 28. cxd3 h6 29.
Rad1 Bb6 30. Qe6 Bc7 31. Re4 Qd6 32. d4 f3 33. Qxd6 fxg2+ 34. Kxg2 Rxd6 35. d5 Rhd8 36. Rde1 Ba5 37. b4 Bb6 38. Re6 Bd4 39. Rxd6 Rxd6 40. Re6 Rxe6 41. dxe6 Kc8 42. Nd5 Be5 43. h3 b5 44. Kf3 Bb2 45. Kg4 Bxa3 46. Kh5 Bc1 47. Kg6 Kd8 48. Kf7 1-0

[Event "*** Titled Tuesday Blitz"]
[Site "Chess.com"]
[Date "2018.09.04"]
[Round "8"]
[White "metra93"]
[Black "ulises2013"]
[Result "1-0"]
[WhiteElo "2511"]
[BlackElo "2580"]
[TimeControl "180+2"]
[EndTime "15:25:07 PDT"]
[Termination "metra93 won on time"]

1. e4 g6 2. d4 Bg7 3. c4 c5 4.
d5 d6 5. Nc3 Nf6 6. Nf3 O-O 7.
Be2 Bg4 8. h3 Bxf3 9. Bxf3 Nbd7 10. O-O a6 11. Be2 Rb8 12. a4 b6 13. Bg5 Ne8 14.
Qd2 Nc7 15. Kh1 Re8 16. f4 Rb7 17. f5 Ne5 18. b3 Qb8 19. g4 Qd8 20. Be3 e6 21.
fxe6 fxe6 22. Bg5 Qd7 23. Rae1 Kh8 24. Kg2 b5 25. axb5 axb5 26. cxb5 exd5 27. exd5 Ra8 28. Bf6 Ra3 29. Bxg7+ Kxg7 30. Qb2 Ra8 31. Bc4 Re8 32. Ne4 Nxb5 33. Nxc5 dxc5 34. Rxe5 Nd4 35. Qf2 h6 36. Qf6+ Kh7 37. Bd3 Rg8 38. Rfe1 Rg7 39. d6 Qf7 40. Qxf7 Rgxf7 41. Re7 Kg7 42. Bc4 Rfxe7 43. Rxe7+ Rxe7 44. dxe7 1-0

[Event "*** Titled Tuesday Blitz"]
[Site "Chess.com"]
[Date "2018.09.04"]
[Round "8"]
[White "maciek_92"]
[Black "colemman"]
[Result "1-0"]
[WhiteElo "2666"]
[BlackElo "2459"]
[TimeControl "180+2"]
[EndTime "15:25:07 PDT"]
[Termination "maciek_92 won by resignation"]

1. c4 c6 2. g3 Nf6 3. Bg2 d5 4.
b3 e5 5. Bb2 dxc4 6. Bxe5 cxb3 7. axb3 Nbd7 8. Bb2 Bc5 9. Nf3 O-O 10. O-O Re8 11.
d4 Bb6 12. Nc3 Nf8 13. Na4 Bc7 14. Qd3 Qe7 15. Ne5 Ne6 16. f4 Nf8 17. e4 Rd8 18. Qc3 Ne6 19. Rad1 Bd7 20. d5 cxd5 21. exd5 Bxa4 22.
dxe6 Be8 23. exf7+ Bxf7 24. Nxf7 Qxf7 25. Bf3 Rac8 26.
Kg2 Bb6 27. Rxd8+ Rxd8 28. Rd1 Rxd1 29. Bxd1 Qd7 30. Be2 h5 31. Qd3 Qe7 32. Bf3 Qc5 33. Bxf6 gxf6 34. Qg6+ Kf8 35. Qxf6+ Kg8 36. Qg5+ Qxg5 37.
fxg5 Bd8 38. h4 b5 39. Be2 a6 40.
Bxh5 a5 41. Be8 b4 42. Bg6 Bc7 43. Bd3 Kg7 44. Kf3 Bb6 45. Kg4 Bf2 46. h5 Be1 47.
h6+ Kh8 48. g6 Bc3 49. Bc4 Bd4 50. Kf5 Bb2 51. Ke6 Bc1 52. g7+ Kh7 53. Kf5 Kxh6 54.
g8=Q 1-0

[Event "*** Titled Tuesday Blitz"]
[Site "Chess.com"]
[Date "2018.09.04"]
[Round "8"]
[White "FMJoseHerrera"]
[Black "gkchesstiger"]
[Result "0-1"]
[WhiteElo "2406"]
[BlackElo "2756"]
[TimeControl "180+2"]
[EndTime "15:25:17 PDT"]
[Termination "gkchesstiger won on time"]

1. Nf3 Nf6 2. g3 g6 3. Bg2 Bg7 4. d3 d5 5. c3 O-O 6. a3 c6 7.
Bg5 Bg4 8. Qc1 Nbd7 9. Bh6 e5 10. Bxg7 Kxg7 11. h3 Bxf3 12. Bxf3 Re8 13. Bg2 a5 14. Nd2 a4 15. O-O Nc5 16. c4 d4 17. Qc2 Qd6 18. Rab1 Nfd7 19. b4 axb3 20. Nxb3 Rxa3 21. Nd2 Rea8 22.
Rb2 Ra1 23. Rxa1 Rxa1+ 24. Kh2 Qc7 25. Nf3 h6 26. h4 f5 27. Qd2 Nf6 28. Bh3 Ng4+ 29.
Kg2 Qd6 30. Qb4 Nf6 31. h5 Nxh5 32. Nh4 Kh7 33. Qb6 Ng7 34. Qb4 Qf8 35. Qb6 Nge6 36.
Nf3 Qd6 37. Nd2 Qc7 38. Qb4 Qa5 39. Qxa5 Rxa5 40. Nf3 e4 41. dxe4 fxe4 42. Ne5 Nd8 43. f4 Kg7 44. Rd2 Nde6 45. Rb2 Ra7 46. Kf2 h5 47.
Bg2 Kf6 48. Ke1 g5 49. e3 dxe3 50. Ke2 gxf4 51. gxf4 Nxf4+ 52. Kxe3 Kxe5 53. Bh1 Ra3+ 54. Kd2 e3+ 55. Kc2 e2 56. Rb1 Kd4 57. Bf3 Ra2+ 0-1

[Event "*** Titled Tuesday Blitz"]
[Site "Chess.com"]
[Date "2018.09.04"]
[Round "8"]
[White "aquaticpineapples"]
[Black "Spring199"]
[Result "0-1"]
[WhiteElo "2012"]
[BlackElo "2237"]
[TimeControl "180+2"]
[EndTime "15:25:17 PDT"]
[Termination "Spring199 won by checkmate"]

1. d4 d5 2. Nf3 Nf6 3. e3 e6 4. Bd3 c5 5. b3 Nc6 6. a3 Bd6 7. Bb2 O-O 8. Nbd2 b6 9. Ne5 Ne7 10. O-O Qc7 11. Qe2 Ng6 12. f4 b5 13. Nxg6 hxg6 14.
Bxb5 cxd4 15. Bxd4 Qxc2 16. Rfc1 Qf5 17. Bd3 Qh5 18.
Nf3 Ne4 19. b4 Bb7 20. b5 f6 21. a4 g5 22. fxg5 Nxg5 23. h3 e5 24. Bc5 Bxc5 25. Rxc5 Nxf3+ 26. Qxf3 Qg5 27. Rc7 e4 28. Qf4 Qxf4 29.
exf4 Bc8 30. Bc2 f5 31. Bb3 Be6 32. Re7 Bf7 33. Rxf7 Kxf7 34. Bxd5+ Kf6 35. Bxa8 Rxa8 36. Rd1 g5 37. fxg5+ Kxg5 38. Kf2 f4 39. Rd5+ Kf6 40. Rd7 a6 41. b6 Rc8 42. b7 Rc2+ 43. Ke1 Rb2 44. a5 Ke5 45. h4 e3 46. h5 Ke4 47.
h6 e2 48. Re7+ Kd3 49. h7 Rb1+ 50. Kf2 Rf1# 0-1

[Event "*** Titled Tuesday Blitz"]
[Site "Chess.com"]
[Date "2018.09.04"]
[Round "8"]
[White "JammyDodger91"]
[Black "Fins0905"]
[Result "1/2-1/2"]
[WhiteElo "2431"]
[BlackElo "2588"]
[TimeControl "180+2"]
[EndTime "15:25:22 PDT"]
[Termination "Game drawn by agreement"]

1. e4 d5 2. exd5 Qxd5 3. Nc3 Qd8 4. d4 Nf6 5. Nf3 Bg4 6. h3 Bxf3 7. Qxf3 c6 8. Bf4 e6 9. O-O-O Bb4 10. Kb1 Bxc3 11. Qxc3 Nd5 12. Qg3 Nxf4 13. Qxf4 Nd7 14. g4 Qf6 15.
Qxf6 Nxf6 16. Bg2 O-O-O 17. g5 Nd5 18. c3 h6 19. h4 hxg5 20. hxg5 Kd7 21. Bf3 Nf4 22. Bg4 Ke7 23. Kc2 Rxh1 24. Rxh1 Rd5 25. Rh8 Rxg5 26. Bf3 Ng6 27. Rb8 Rf5 28. Rxb7+ Kd6 29.
Be4 Rxf2+ 30. Kb3 Nh4 31. Rxa7 f5 32. Bd3 g5 33. a4 g4 34. Rg7 Nf3 35. a5 Nd2+ 36.
Ka2 Rh2 37. a6 Rh8 38. a7 Ra8 39. b4 g3 40. Kb2 f4 41. b5 cxb5 42. Bxb5 e5 43.
dxe5+ Kc5 44. Bd3 Kd5 45. Kc2 Nf3 46. e6 Kxe6 47. Be4 Rxa7 48. Rxa7 Ng5 49. Kd3 f3 50. Bxf3 Nxf3 51. Rg7 g2 52. Rxg2 Ne1+ 53. Ke4 Nxg2 1/2-1/2

[Event "*** Titled Tuesday Blitz"]
[Site "Chess.com"]
[Date "2018.09.04"]
[Round "8"]
[White "ddtru"]
[Black "RiskyDecision"]
[Result "0-1"]
[WhiteElo "2260"]
[BlackElo "2426"]
[TimeControl "180+2"]
[EndTime "15:25:24 PDT"]
[Termination "RiskyDecision won by resignation"]

1. d4 Nf6 2. c4 e6 3. Nc3 Bb4 4. e3 O-O 5. Bd3 d5 6. Ne2 c5 7.
cxd5 cxd4 8. exd4 Nxd5 9. O-O Nc6 10. a3 Bd6 11. Nxd5 exd5 12. Bf4 Bg4 13. f3 Be6 14. Bxd6 Qxd6 15. Qd2 f6 16. Rac1 Bf7 17. Rc3 Rfe8 18.
Bb5 Rac8 19. Rfc1 Re7 20. Bxc6 Rxc6 21. Rxc6 bxc6 22. Qc3 Rxe2 23. Qxc6 Qf4 24. Qc8+ Re8 25. Qc3 h5 26. g3 Qb8 27. Kf2 h4 28. b4 Qb5 29. Re1 Rxe1 30. Kxe1 Qc4 31. Qd2 h3 32. Kf2 Bg6 33. g4 Qc2 34. Qxc2 Bxc2 35. Kg3 Bd1 36. f4 Kf7 37. Kxh3 Ke6 38. Kg3 Kd6 39. h4 Kc6 40. h5 Kb5 41. Kh4 Kc4 42. g5 fxg5+ 43. fxg5 Kxd4 44. h6 gxh6 45. gxh6 Bc2 46. Kg3 Ke3 47.
a4 d4 48. b5 Be4 49. a5 d3 50. b6 axb6 51. axb6 d2 52. b7 Bxb7 53. h7 d1=Q 54. h8=Q Qg1+ 55. Kh4 Qh2+ 56. Kg5 Qxh8 57. Kg4 Qg7+ 58.
Kh3 Kf3 0-1

[Event "*** Titled Tuesday Blitz"]
[Site "Chess.com"]
[Date "2018.09.04"]
[Round "8"]
[White "alpasya2009"]
[Black "Abund"]
[Result "0-1"]
[WhiteElo "2451"]
[BlackElo "2462"]
[TimeControl "180+2"]
[EndTime "15:25:28 PDT"]
[Termination "Abund won by resignation"]

1. d4 Nf6 2. c4 e6 3. Nf3 b6 4. g3 Ba6 5. Qa4 Bb7 6. Bg2 c5 7. dxc5 bxc5 8. O-O Be7 9. Nc3 O-O 10. Bf4 Qb6 11.
Rfd1 d6 12. Rd2 h6 13. Rad1 e5 14. Be3 Nc6 15. Ne1 Nd4 16. Nd5 Bxd5 17. Bxd5 Nxd5 18. cxd5 Nf5 19. Ng2 Rfb8 20. Qd7 Nxe3 21. Nxe3 Bg5 22. Nc4 Qd8 23. Qxd8+ Rxd8 24. Rd3 Rab8 25. Ra3 Rd7 26. Ra6 Be7 27. e4 Kf8 28. b3 Ke8 29. Kf1 g6 30.
Ke2 Kd8 31. f4 exf4 32. gxf4 Kc8 33. Kf3 Kb7 34. Ra4 Bd8 35. e5 Bc7 36. Ke4 Re8 37. b4 dxe5 38. fxe5 Bxe5 39. bxc5 Bc7+ 40. Kf3 Kc8 41.
Rxa7 Rde7 42. Ra8+ Kb7 43. Rxe8 Rxe8 44. d6 Bd8 45.
Nb2 Kc6 46. Nd3 Bg5 47. Rb1 Re3+ 48. Kf2 Rxd3 49. Rc1 Bxc1 0-1

[Event "*** Titled Tuesday Blitz"]
[Site "Chess.com"]
[Date "2018.09.04"]
[Round "8"]
[White "NemtsevIgor"]
[Black "BvsN"]
[Result "1/2-1/2"]
[WhiteElo "2365"]
[BlackElo "2221"]
[TimeControl "180+2"]
[EndTime "15:25:42 PDT"]
[Termination "Game drawn by repetition"]

1. c3 d5 2. Qa4+ Nc6 3. d3 e5 4.
h3 Nf6 5. g4 h6 6. Bg2 Bd7 7.
Nd2 Bc5 8. Nf1 Ne7 9. Qb3 Bb6 10. Ng3 c6 11. Nf3 Ng6 12. g5 hxg5 13. Nxg5 Nh5 14. e4 Nhf4 15. Bf1 Qxg5 16. exd5 cxd5 17. d4 Nh4 18.
Be3 Nf3+ 19. Kd1 exd4 20. cxd4 Qf6 21. Bb5 Bxb5 22. Qxb5+ Kf8 23. Rc1 Bxd4 24. Qxb7 Rd8 25. Rc6 Qe5 26. Rc8 Ne6 27. Rxd8+ Nxd8 28. Qb4+ Qe7 29.
Qxe7+ Kxe7 30. Nf5+ Kf6 31. Nxd4 Ne5 32. Ke2 Ne6 33.
f4 Nc4 34. Nxe6 Nxe3 35. Kxe3 fxe6 36. h4 Kf5 37. h5 Rc8 38. h6 gxh6 39. Rxh6 Rc2 40.
Rh5+ Kf6 41. Rh6+ Kf5 42. Rh7 Rxb2 43. Rxa7 Rh2 44. Rf7+ Kg6 45. Rf8 Kg7 46. Ra8 Kf6 47. a4 Kf5 48. a5 Rh3+ 49. Kd4 Kxf4 50. Rf8+ Kg5 51. a6 Ra3 52. Ra8 Kf4 53. a7 e5+ 54. Kxd5 Ra5+ 55. Kc4 Ke3 56. Kb4 Ra1 57. Kc3 e4 58.
Kb2 Ra6 59. Kb3 Ke2 60. Kb4 e3 61. Kb5 Ra1 62. Kb6 Rb1+ 63. Kc7 Rc1+ 64. Kb7 Rb1+ 65. Kc7 Rc1+ 66. Kb7 Rb1+ 67. Kc7 Ra1 68. Kb7 Rb1+ 69. Kc7 Rc1+ 1/2-1/2

[Event "*** Titled Tuesday Blitz"]
[Site "Chess.com"]
[Date "2018.09.04"]
[Round "8"]
[White "gmjlh"]
[Black "DanielNaroditsky"]
[Result "1/2-1/2"]
[WhiteElo "2719"]
[BlackElo "2947"]
[TimeControl "180+2"]
[EndTime "15:25:43 PDT"]
[Termination "Game drawn by agreement"]

1. d4 Nf6 2. Nf3 g6 3. g3 Bg7 4. Bg2 O-O 5. O-O d5 6. c4 dxc4 7. Na3 c3 8. bxc3 c5 9. Ne5 Nc6 10. Nac4 Nd5 11. Bd2 cxd4 12. Nxc6 bxc6 13. cxd4 Ba6 14.
Rc1 Bxd4 15. Na5 Bf6 16. Rxc6 Nb6 17. Rc2 Rc8 18. Nc6 Qd7 19. Bb4 Qe6 20. Nxa7 Rcd8 21. Qe1 Nd5 22. Rc6 Qxe2 23. a3 Nxb4 24. axb4 Bd4 25. b5 Bxb5 26. Nxb5 Qxb5 27. Qxe7 Rfe8 28. Qa3 Qf5 29. Qf3 Qe5 30. Rc2 Re6 31. h4 Rf6 32.
Qg4 h5 33. Qg5 Qxg5 34. hxg5 Rf5 35. Be4 Rxg5 36. Kg2 Re5 37. Bf3 Ree8 38. Rd1 Bf6 39. Rxd8 Rxd8 40. Rc7 Rd2 41. Rc8+ Kg7 42. Re8 Rd6 43.
Re2 Bc3 44. Rc2 Bd4 45. Rc6 Rd7 46. Rc2 Re7 47. Re2 Be5 48. Bd5 Kf6 49. f4 Bd6 50.
Rxe7 Bxe7 51. Kf3 Bd6 52. Bc4 Kg7 53. Bb3 f5 54. Ba4 Bc7 55. Be8 Kf6 56. Bc6 Bd8 57.
Be8 Kg7 58. Bd7 Kh6 59. Be8 h4 60. gxh4 Bxh4 61. Bf7 Bd8 62. Be8 Bc7 63. Bf7 Kg7 64.
Be8 Bd6 65. Bd7 Kf6 66. Be8 Bc7 67. Bb5 g5 68. fxg5+ Kxg5 1/2-1/2

[Event "*** Titled Tuesday Blitz"]
[Site "Chess.com"]
[Date "2018.09.04"]
[Round "8"]
[White "bugsbunny444"]
[Black "LawrenceTrent"]
[Result "1-0"]
[WhiteElo "2447"]
[BlackElo "2538"]
[TimeControl "180+2"]
[EndTime "15:25:44 PDT"]
[Termination "bugsbunny444 won on time"]

1. Nf3 c5 2. c4 Nc6 3. d4 cxd4 4.
Nxd4 g6 5. e4 Bg7 6. Be3 Nf6 7.
Nc3 O-O 8. Be2 d6 9. O-O Bd7 10. f3 Nxd4 11. Bxd4 a5 12. b3 Bc6 13. Qd2 Nd7 14. Be3 Nc5 15. Rab1 e6 16. Rfd1 Be5 17. Bd4 Qe7 18. Qe3 b6 19. Bf1 Rad8 20. Rd2 Bxd4 21. Rxd4 e5 22. Rd2 Ne6 23. Qxb6 Nd4 24. Ne2 Bxe4 25. fxe4 Nf3+ 26. gxf3 Qg5+ 27. Kh1 Qxd2 28. a4 f5 29. Qc6 fxe4 30. Qxe4 Kg7 31. Ng1 Rf4 32.
Qe2 Qd4 33. Rd1 Qb6 34. Rd3 Rdf8 35. Qd2 R4f6 36. Bg2 h6 37. Qe3 Qb4 38. Rd5 Rb8 39. Rb5 Rxb5 40. axb5 d5 41. Qxe5 dxc4 42. Qc7+ Rf7 43.
Qxc4 Qe1 44. Qd4+ Kh7 45. b6 Qe6 46. f4 Qxb3 47. b7 Rxb7 48. Bd5 Qb4 49. Qe5 Rd7 50. h3 Qc5 51. Be4 Qd5 52. Bxd5 1-0